 Dungeon Crawl Stone Soup version 0.26-a0-1181-gd376ed14c5 (webtiles) character file.

Game seed: 8718373014912239375

74 voltaire321 the Insei (level 4, -1/28 HPs)
             Began as an Octopode Transmuter on Dec 26, 2020.
             Was an Initiate of Elyvilon.
             Slain by a quokka (4 damage)
             ... on level 2 of the Dungeon.
             The game lasted 00:06:34 (2149 turns).

voltaire321 the Insei (Octopode Transmuter)         Turns: 2149, Time: 00:06:35

Health: -1/28      AC:  1    Str:  9    XL:     4   Next: 28%
Magic:  5/7        EV: 14    Int: 15    God:    Elyvilon [......]
Gold:   108        SH:  0    Dex: 13    Spells: 1/7 levels left

rFire    . . .     SeeInvis .   c - +0 hunting sling (freeze)
rCold    . . .     Faith    .   (no shield)
rNeg     . . .     Spirit   .   (helmet currently unavailable)
rPois    .         Reflect  .   (no amulet)
rElec    .         Harm     .   (no ring)
rCorr    .         Rampage  .   (no ring)
Will     .....                  (no ring)
Stlth    ++........             (no ring)
HPRegen  0.09/turn              (no ring)
MPRegen  0.10/turn              (no ring)
                                (no ring)
                                (no ring)

@: appendages (expiring), wereblooded
A: almost no armour, stealthy swim, amphibious, 8 rings, constrict 8, tentacle
spike 3, camouflage 1, gelatinous body 1
a: End Transformation, Renounce Religion


You were on level 2 of the Dungeon.
You worshipped Elyvilon.
Elyvilon was noncommittal.
One of your tentacles had a temporary spike.
You visited 1 branch of the dungeon, and saw 3 of its levels.

You collected 108 gold pieces.

Inventory:

Hand Weapons
 c - a +0 hunting sling of freezing (weapon)
Missiles
 d - 8 stones (quivered ammo)
Scrolls
 a - 2 scrolls of identify {unknown}
 b - a scroll of enchant weapon {unknown}
 e - a scroll of blinking {unknown}
 h - a scroll of amnesia {unknown}
 j - a scroll of teleportation {unknown}
Potions
 f - 2 potions of flight {unknown}
 g - a potion of mutation {unknown}
 i - 2 potions of ambrosia {unknown}


   Skills:
 + Level 1.6 Fighting
 + Level 0.7 Slings
 + Level 2.4 Dodging
 + Level 3.3 Unarmed Combat
 + Level 2.4 Spellcasting
 + Level 2.4 Transmutations
 * Level 1.4 Poison Magic
 + Level 0.2 Invocations


You had one spell level left.
You knew the following spells:

 Your Spells              Type           Power        Failure   Level
a - Beastly Appendage     Tmut           18%          8%          1
b - Wereblood             Tmut           9%           12%         2
c - Spider Form           Tmut/Pois      3%           28%         3

Your spell library contained the following spells:

 Spells                   Type           Power        Failure   Level
 Ice Form                 Ice/Tmut       5%           78%         4
 Blade Hands              Tmut           4%           91%         5


Dungeon Overview and Level Annotations

Branches:
Dungeon (3/15)

Altars:
Elyvilon


Innate Abilities, Weirdness & Mutations

You cannot wear most types of armour.
You are very stealthy in the water. (Stealth+)
You are amphibious.
You can wear up to eight rings at the same time.
You can use your tentacles to constrict eight enemies at once.
Your skin changes colour to match your surroundings (Stealth+).
Your rubbery body absorbs attacks. (AC +1, EV +1)
One of your tentacles bears a large vicious spike.


Message History

An adder comes into view.
The quokka closely misses you.
An orc comes into view. It is wielding a +0 club.
The orc completely misses you. The bat closely misses you.
The quokka barely misses you. The orc barely misses you.
The bat barely misses you. The bat completely misses you.
The bat hits you but does no damage. The quokka bites you.
The orc hits you with a +0 dagger of electrocution.
You climb upwards.
There is a stone staircase leading down here.
You miss the quokka. Your grab misses the quokka.
Your tentacle spike misses the quokka.
You tentacle-slap the quokka.
You squeeze the quokka, but do no damage.
The quokka is lightly wounded.
The quokka closely misses you.
The orc hits you with a +0 dagger of electrocution.
You are electrocuted!
* * * LOW HITPOINT WARNING * * *
The quokka bites you.
You die...

#..####.# #.
#.......# #.
#.####### #.
#.# #. #.# #.
#.# #. #.#
#######. #r#
#....... #@#
##.######
#o########...#
#
#............#
#
##########...#
# #####


You could see an orc and a quokka.

Vanquished Creatures
  Terence (D:2)
  An adder (D:3)
  2 worms (D:2)
  2 dart slugs (D:1)
  2 leopard geckos
  An orc (D:3)
  3 bats
  3 giant cockroaches
  4 goblins
  3 hobgoblins
  A kobold (D:1)
  A ball python (D:3)
  A frilled lizard (D:1)
25 creatures vanquished.

Notes
Turn   | Place    | Note
-------+----------+-------------------------------------------
     0 | D:1      | voltaire321 the Octopode Transmuter began the quest for the
                  | Orb.
     0 | D:1      | Reached XP level 1. HP: 13/13 MP: 3/3
   296 | D:1      | Reached XP level 2. HP: 18/18 MP: 3/5
   569 | D:1      | Learned a level 2 spell: Wereblood
  1054 | D:2      | Reached XP level 3. HP: 20/23 MP: 4/6
  1062 | D:2      | Learned a level 3 spell: Spider Form
  1144 | D:2      | Found a white marble altar of Elyvilon.
  1145 | D:2      | Noticed Terence
  1165 | D:2      | Killed Terence
  1166 | D:2      | Reached skill level 1 in Poison Magic
  1438 | D:2      | Became a worshipper of Elyvilon the Healer
  1905 | D:3      | Reached XP level 4. HP: 28/28 MP: 7/7
  2013 | D:3      | Noticed a necrophage
  2149 | D:2      | Slain by a quokka

Illustrated notes

Levels and vault maps discovered:
D:1:      wander_arrival_desolate, layout_loops_corners
D:2:      layout_loops_ring, elyvilon_altar_3, uniq_terence
D:3:      layout_basic, kiku_gazebo_garden_becter, cheibriados_altar_1,
          gammafunk_ghost_necromancy, minmay_between

Skill      XL: |  1  2  3 |
---------------+----------+-----
Poison Magic   | 1 |  1.4
Fighting       | |  1.6
Slings         | |  0.7
Dodging        | |  2.4
Unarmed Combat | |  3.3
Spellcasting   | |  2.4
Transmutations | |  2.4
Invocations    | |  0.2

Action                   |  1- 3 |  4- 6 || total
-------------------------+-------+-------++-------
Melee: Unarmed           |    15 |       ||    15
       Constrict         |    15 |     2 ||    17
       Kick              |    11 |     1 ||    12
       Tentacles         |     9 |     4 ||    13
       Hunting sling     |    31 |    11 ||    42
       Punch             |     1 |     1 ||     2
 Fire: Hunting sling     |    27 |    17 ||    44
 Cast: Beastly Appendage |    14 |     2 ||    16
       Wereblood         |       |     1 ||     1
 Stab: Sleeping          |     2 |       ||     2
Armor: Skin              |     5 |     3 ||     8
Dodge: Dodged            |    41 |    26 ||    67

Table legend: (Time is in decaauts)
 A = Elapsed time spent in this place.
 B = Non-inter-level travel time spent in this place.
 C = Inter-level travel time spent in this place.
 D = Time resting spent in this place.
 E = Time spent auto-exploring this place.
 F = Levels seen in this place.
 G = Mean time per level.
                   A        B        C        D        E       F      G
               +--------+--------+--------+--------+--------+-----+--------+
         Total |   2178 |   2112 |     66 |    367 |   1178 |   3 |  726.0 |
       Dungeon |   2178 |   2112 |     66 |    367 |   1178 |   3 |  726.0 |
               +--------+--------+--------+--------+--------+-----+--------+

Top non-repeatable levels by time:
     D:2: 1223 daAuts
     D:1: 864 daAuts
     D:3: 89 daAuts
